 Dungeon Crawl Stone Soup version 0.30.0-29-ga12c61a403 (webtiles) character file.

Game seed: 16784796795278313010

167567 Kranky the Impaler (level 17, 0/163 HPs)
             Began as a Minotaur Berserker on June 11, 2023.
             Was an Elder of Trog.
             Shot with an arrow by a deep elf master archer (27 damage)
             ... on level 3 of the Elven Halls.
             The game lasted 01:14:07 (25423 turns).

Kranky the Impaler (Minotaur Berserker)            Turns: 25423, Time: 01:14:08

Health: 0/163      AC: 33    Str: 33    XL:     17   Next: 31%
Magic:  16/16      EV: 11    Int:  4    God:    Trog [****..]
Gold:   2255       SH: 15    Dex: 13    Spells: 16/16 levels left

rFire   + + .        B - +8 trident of the Octopus King {venom, rElec rPois}
rCold   + + +        n - +2 buckler
rNeg    . . .        R - +0 gold dragon scales
rPois   +            V - +1 hat {Stlth+}
rElec   +            K - +1 cloak {rC+}
rCorr   .            u - +2 pair of gloves
SInv    +            N - +2 pair of boots
Will    +++++        I - amulet of Vyuriarghagi {Reflect -Cast rF+ Will+++ SH+5} Stlth
                     a - ring of protection from fire
HPRegen 0.47/turn    b - ring "Iperiat" {Ice Will++ Str+6 SInv}
MPRegen 0.15/turn

%: no spellcasting, reflection
@: no status effects
A: horns 2, retaliatory headbutt
a: Renounce Religion, Berserk, Trog's Hand, Brothers in Arms


You were on level 3 of the Elven Halls.
You worshipped Trog.
Trog was greatly pleased with you.
You visited 4 branches of the dungeon, and saw 22 of its levels.
You also visited: Sewer, Ossuary, Gauntlet and Ice Cave.

You collected 2547 gold pieces.
You spent 292 gold pieces at shops.

Inventory:

Hand Weapons
 A - the +8 demon trident "Rift" {distort, reach+}
   (You took it off a deep elf knight on level 3 of the Elven Halls)
 B - the +8 trident of the Octopus King (weapon) {venom, rElec rPois}
   (You found it on level 10 of the Dungeon)

   rElec:     It insulates you from electricity.
   rPois:     It protects you from poison.
Missiles
 C - 3 throwing nets
 G - 33 poisoned darts
Armour
 n - a +2 buckler (worn)
 u - a +2 pair of gloves (worn)
 K - a +1 cloak of cold resistance (worn)
 N - a +2 pair of boots (worn)
 R - +0 gold dragon scales (worn)
 V - a +1 hat of stealth (worn)
 Z - the +0 pair of boots "Daac" {rElec rN+ Str-3 Stlth+}
   (You found it on level 3 of the Lair of Beasts)

   Str:       It affects your strength (-3).
   rElec:     It insulates you from electricity.
   rN:        It protects you from negative energy.
   Stlth:     It makes you more stealthy.
Jewellery
 a - a ring of protection from fire (left hand)
 b - the ring "Iperiat" (right hand) {Ice Will++ Str+6 SInv}
   (You found it on level 3 of the Lair of Beasts)

   [ring of ice]

   It enhances your ice magic.
   Str:       It affects your strength (+6).
   rF:        It makes you vulnerable to fire.
   rC:        It protects you from cold.
   SInv:      It lets you see invisible.
   Will:      It greatly increases your willpower.
 p - a ring of poison resistance
 t - a ring of resist corrosion
 x - the amulet of the Imbibing Sybil {Regen+ rCorr MP+9}
   (You took it off a deep elf knight on level 3 of the Elven Halls)

   [amulet of regeneration]

   MP:        It affects your magic capacity (+9).
   Regen:     It increases your rate of health regeneration.
   rCorr:     It protects you from acid and corrosion.
 I - the amulet of Vyuriarghagi (around neck) {Reflect -Cast rF+ Will+++ SH+5}
   (You found it in a Gauntlet)

   [amulet of reflection]

   It reflects blocked missile attacks.
   rF:        It protects you from fire.
   -Cast:     It prevents spellcasting.
   SH:        It affects your SH (+5).
   Will:      It greatly increases your willpower.
 Y - a ring of protection from cold
Wands
 h - a wand of roots (29)
 D - a wand of digging (26)
 H - a wand of flame (32)
 L - a wand of acid (28)
 O - a wand of polymorph (5)
 Q - a wand of charming (26)
Scrolls
 c - 11 scrolls of identify
 f - 4 scrolls of silence {unknown}
 j - 3 scrolls of fear
 k - 3 scrolls of enchant armour
 l - 2 scrolls of magic mapping
 m - 2 scrolls of immolation
 o - 15 scrolls of teleportation
 q - 5 scrolls of poison
 r - 5 scrolls of fog
 v - 2 scrolls of enchant weapon
 y - a scroll of summoning {unknown}
 X - a scroll of blinking
Potions
 d - 5 potions of haste
 e - 17 potions of curing
 g - 4 potions of magic
 i - 3 potions of invisibility
 s - 2 potions of ambrosia {unknown}
 w - 2 potions of cancellation {unknown}
 z - 3 potions of resistance
 E - 3 potions of might {unknown}
 F - 11 potions of flight
 J - 2 potions of heal wounds
 M - 3 potions of berserk rage {unknown}
 S - 3 potions of attraction {unknown}
 T - a potion of mutation
Miscellaneous
 U - a lightning rod (4/4)
 W - a phantom mirror


   Skills:
 + Level 17.8 Fighting
 + Level 17.9 Polearms
 + Level 17.7 Armour
 - Level 10.0 Dodging
 + Level 15.1 Shields
 + Level 11.3 Evocations


You had 16 spell levels left.
You didn't know any spells.
Your spell library was empty.

Dungeon Overview and Level Annotations

Branches:
Dungeon (12/15)            Temple (0/1) D:6            Lair (5/5) D:10
  Swamp (0/4) Lair:2       Spider (0/4) Lair:3        Slime (0/5) Lair:5
    Orc (2/2) D:12            Elf (3/3) Orc:2         Sewer (visited)
Ossuary (visited)           IceCv (visited)         Gauntlet (visited)

Altars:
Gozag
Kikubaaqudgha
Makhleb
Okawaru
Qazlal
Ru
Trog
Vehumet
Wu Jian
Zin

Shops:
D:2 *   D:5 [   D:9 !   Orc:2 (=[[   Elf:2 :

Annotations:
D:12 1 transporter


Innate Abilities, Weirdness & Mutations

You have a pair of horns on your head.
You reflexively headbutt those who attack you in melee.


Message History

You block sticky flame... and reflect it back!
The sticky flame hits the deep elf pyromancer!
The deep elf pyromancer is covered in liquid flames!
The deep elf knight gestures at your ogre while chanting.
The shard of ice hits your ogre!!
Your ogre closely misses the deep elf knight.
The deep elf pyromancer burns!
The deep elf knight hits your ogre with a +0 short sword!
You block the fire elemental's attack.
Your ogre hits the deep elf knight with a +0 giant club!
Really walk into that cloud of flame?
Okay, then.
The deep elf pyromancer attacks as you move away!
You block the deep elf pyromancer's attack.
The deep elf pyromancer burns!
You kill the deep elf knight!
Trog accepts your kill.
Trog appreciates your killing of a magic user.
The fire elemental barely misses you.
The deep elf pyromancer attacks as you move away!
You block the deep elf pyromancer's attack.
The deep elf pyromancer burns!
You block the fire elemental's attack. The fire elemental hits you.
The fire elemental burns you! You resist.
* * * LOW HITPOINT WARNING * * *
The deep elf pyromancer burns!
Your ogre is engulfed in blazing flames.
Your ogre dies!
Your ogre's corpse disappears in a puff of smoke!
The deep elf pyromancer attacks as you move away!
The deep elf pyromancer hits you with a +2 antimagic rapier.
* * * LOW HITPOINT WARNING * * *
The deep elf pyromancer burns!
The deep elf pyromancer dies!
Trog accepts your kill.
Trog appreciates your killing of a magic user.
The fire elemental disappears in a puff of smoke! x2
There is a stone staircase leading up here.
The deep elf master archer shoots an arrow.
The arrow hits you!!
You die...

#....#..#..# # #....#..#..# #..#
#....#..#..# #..# #....#..#..#
#####..# #....#..#... ... ..○...#
#....#..#...... .☼..#
######..######+###############'##
.......................e.......).
................@..........).....
.................................
######..#+##...###+###....#+#####
#....#..'..#...#.....#....#.....#
#....'..#..#...#.....#....#.....#
#....#).#..'...#.....#....#.....#
#....#..#..#...#.....#....'.....#
#....#..#..#...##'####....#.....#
#....#..#..#..............#.....#


You could see a deep elf master archer.

Vanquished Creatures
  A deep elf master archer (Elf:3)
  Gastronok (D:11)
  4 deep elf sorcerers
  An orc warlord (Orc:2)
  3 deep elf elementalists
  2 deep elf annihilators
  A deep elf demonologist (Elf:3)
  A minotaur (Gauntlet)
  A deep elf death mage (Elf:3)
  5 crystal guardians (Elf:3)
  Snorg (Orc:1)
  3 deep elf high priests (Elf:3)
  3 hydras
  An ice dragon (Lair:3)
  A merfolk avatar (Lair:5)
  2 ironbound frosthearts (IceCv)
  A boulder beetle (Lair:4)
  7 dancing weapons
  Erica (D:10)
  5 two-headed ogres
  2 catoblepae
  14 death yaks
  4 orc high priests
  11 deep elf knights
  7 skysharks
  A fire crab (Gauntlet)
  A sea snake (Lair:5)
  A wizard (Elf:1)
  Pikel (D:8)
  5 orc knights (Orc:2)
  8 deep elf archers
  17 deep elf pyromancers
  23 deep elf zephyrmancers
  6 orc sorcerers
  3 ugly things
  A moth of wrath (Lair:3)
  4 cyclopes
  23 elephants
  A manticore (D:8)
  An ice statue (IceCv)
  Maurice (D:11)
  3 torpor snails
  6 black mambas
  An unseen horror (D:12)
  20 cane toads
  3 kobold demonologists
  11 rime drakes
  14 komodo dragons
  Psyche (D:12)
  10 trolls
  A wind drake (Lair:5)
  6 saltlings (Orc:2)
  A meliai (D:8)
  Grinder (D:5)
  14 polar bears
  20 blink frogs
  A snapping turtle (Lair:5)
  4 dream sheep (Lair:4)
  3 jumping spiders (Lair:3)
  3 slime creatures (D:12)
  An air elemental (Elf:2)
  A vampire (D:11)
  4 water elementals
  3 culicivoras (Lair:3)
  8 shadows
  A wraith (Ossuary)
  6 wyverns
  7 fire bats
  A fire elemental (Lair:3)
  64 yaks
  3 basilisks
  A redback (Lair:3)
  3 vampire mosquitoes (D:10)
  3 steam dragons
  3 wargs
  A swamp worm (Lair:2)
  2 acid dragons
  15 water moccasins
  A hell hound (Gauntlet)
  16 orc warriors
  2 ice beasts
  A sky beast (D:8)
  3 black bears
  A boggart (Elf:1)
  6 ogres
  47 wolves
  5 centaurs
  3 kobold brigands
  2 phantoms
  10 bullfrogs
  An earth elemental (Elf:3)
  A scorpion (D:6)
  4 wights (D:8)
  10 killer bees
  2 electric eels (Lair:2)
  4 howler monkeys
  2 hounds
  A jelly (D:5)
  A gnoll bouda (D:5)
  11 orc priests
  2 iguanas
  A sleepcap (D:4)
  17 orc wizards
  A malarious merfolk avatar (Sewer)
  A sickly merfolk siren (Sewer)
  3 mummies (Ossuary)
  5 gnolls (D:5)
  2 river rats
  9 adders
  2 white imps
  2 ufetubi
  4 worms
  4 dart slugs
  63 orcs
  14 ball pythons
  3 bats
  5 endoplasms
  8 giant cockroaches
  4 goblins
  10 hobgoblins
  7 jackals
  6 quokkas
  9 frilled lizards
  3 goblin zombies (Ossuary)
  A hobgoblin zombie (Ossuary)
  21 kobolds
  7 kobold zombies (Ossuary)
  24 rats
802 creatures vanquished.

Vanquished Creatures (collateral kills)
  A deep elf blademaster (Elf:3)
  2 deep elf sorcerers (Elf:3)
  6 deep elf elementalists (Elf:3)
  3 deep elf demonologists (Elf:3)
  2 deep elf annihilators (Elf:3)
  A deep elf death mage (Elf:3)
  The ghost of Fiunamek the Bringer of Law, a journeyman HOFi of Zin (Lair:3)
  4 deep elf high priests (Elf:3)
  2 dancing weapons (Elf:3)
  2 deep elf knights
  2 deep elf archers
  2 deep elf pyromancers
  2 deep elf zephyrmancers (Elf:1)
  An orc sorcerer (Elf:3)
  A cane toad (Lair:3)
  A komodo dragon (Lair:3)
33 creatures vanquished.

Vanquished Creatures (others)
  A deep elf knight (Elf:2)
  2 deep elf pyromancers
3 creatures vanquished.

Grand Total: 838 creatures vanquished

Notes
Turn   | Place    | Note
-------+----------+-------------------------------------------
     0 | D:1      | Kranky the Minotaur Berserker began the quest for the Orb.
     0 | D:1      | Reached XP level 1. HP: 19/19 MP: 0/0
   140 | D:1      | Reached XP level 2. HP: 26/27 MP: 1/1
   386 | D:1      | Reached XP level 3. HP: 27/33 MP: 2/2
   440 | D:1      | Found a faded altar of an unknown god.
  1041 | D:1      | Reached ** piety under Trog
  1437 | D:2      | Reached XP level 4. HP: 40/40 MP: 3/3
  1623 | D:2      | Identified the +7 leather armour of Saguab {rElec rC- Str-3
                  | SInv}
  1665 | D:2      | Found Vedoagea's General Store.
  2567 | D:4      | Noticed an ogre
  2573 | D:4      | Killed an ogre
  2574 | D:4      | Reached XP level 5. HP: 8/47 MP: 4/4
  2731 | D:4      | Reached skill level 5 in Fighting
  2731 | D:4      | Reached skill level 5 in Polearms
  2825 | D:4      | Reached *** piety under Trog
  2833 | D:4      | Found a glowing drain.
  2845 | Sewer    | Entered a sewer
  2936 | Sewer    | Reached XP level 6. HP: 55/56 MP: 5/5
  3294 | D:4      | Reached **** piety under Trog
  3476 | D:4      | Reached skill level 1 in Evocations
  3483 | D:4      | Found a radiant altar of Vehumet.
  3652 | D:4      | Identified the +3 leather armour of the Realm of Zot {rN+}
  4108 | D:4      | Reached skill level 5 in Armour
  4108 | D:4      | Reached XP level 7. HP: 51/61 MP: 6/6
  4211 | D:5      | Entered Level 5 of the Dungeon
  4211 | D:5      | Noticed a steam dragon
  4224 | D:4      | Killed a steam dragon
  4517 | D:5      | Reached skill level 5 in Dodging
  4614 | D:5      | Noticed Grinder
  4630 | D:5      | Killed Grinder
  4631 | D:5      | Reached XP level 8. HP: 68/71 MP: 7/7
  4700 | D:5      | Found Ukozy's Antique Armour Emporium.
  4721 | D:5      | Bought a buckler for 112 gold pieces
  5031 | D:6      | Found a staircase to the Ecumenical Temple.
  5190 | D:6      | Reached skill level 1 in Shields
  5372 | D:6      | Found a bloodstained altar of Trog.
  5417 | D:6      | Found a burning altar of Makhleb.
  5471 | D:6      | Found an ornate altar of the Wu Jian Council.
  5705 | D:6      | Reached XP level 9. HP: 75/79 MP: 8/8
  6044 | D:7      | Found a sand-covered staircase.
  6051 | Ossuary  | Entered an ossuary
  6307 | Ossuary  | Reached ***** piety under Trog
  7577 | D:8      | Reached XP level 10. HP: 59/89 MP: 9/9
  7583 | D:8      | Reached skill level 5 in Shields
  7585 | D:8      | Reached skill level 5 in Evocations
  7594 | D:8      | Noticed Pikel
  7607 | D:8      | Killed Pikel
  7992 | D:8      | Noticed a manticore
  8006 | D:8      | Killed a manticore
  8034 | D:8      | Noticed a cyan ugly thing
  8045 | D:8      | Killed a cyan ugly thing
  8349 | D:8      | Found an ancient bone altar of Kikubaaqudgha.
  8385 | D:9      | Found Docest's Distillery.
  8389 | D:9      | Bought a potion of heal wounds for 50 gold pieces
  8389 | D:9      | Bought 2 potions of degeneration for 20 gold pieces
  8389 | D:9      | Bought a potion of lignification for 30 gold pieces
  8506 | D:9      | Found a sacrificial altar of Ru.
  8566 | D:9      | Found an iron altar of Okawaru.
  8575 | D:9      | Noticed a sun demon
  8924 | D:9      | Bought a potion of mutation for 80 gold pieces
  8934 | D:10     | Entered Level 10 of the Dungeon
  8934 | D:10     | Noticed Erica
  8946 | D:10     | Killed Erica
  8947 | D:10     | Reached XP level 11. HP: 84/97 MP: 10/10
  8947 | D:10     | Found a stormy altar of Qazlal.
  9176 | D:9      | Received a gift from Trog
  9307 | D:10     | Found the +8 trident of the Octopus King {venom, rElec
                  | rPois}
  9630 | D:9      | Reached skill level 10 in Polearms
  9725 | D:10     | Reached skill level 10 in Fighting
  9833 | D:10     | Found a staircase to the Lair.
  9959 | D:10     | Reached skill level 10 in Armour
 10119 | D:10     | Found an opulent altar of Gozag.
 10168 | D:10     | Found a glowing silver altar of Zin.
 10499 | D:11     | Noticed Maurice
 10507 | D:11     | Killed Maurice
 10601 | D:11     | Noticed a brown ugly thing
 10610 | D:11     | Killed a brown ugly thing
 11215 | D:11     | Identified the +10 mace of Waalau {antimagic, *Rage rC+
                  | Dex+2}
 11408 | D:11     | Noticed Gastronok
 11421 | D:11     | Killed Gastronok
 11797 | D:12     | Reached XP level 12. HP: 110/110 MP: 11/11
 11814 | D:12     | Noticed Psyche
 11848 | D:12     | Killed Psyche
 11867 | D:12     | Found a transporter.
 11868 | D:12     | Found a transporter.
 11901 | D:12     | Found a transporter.
 11910 | D:12     | Found a transporter.
 11937 | D:12     | Noticed a two-headed ogre
 11944 | D:12     | Killed a two-headed ogre
 12062 | D:12     | Found a transporter.
 12071 | D:12     | Noticed a two-headed ogre
 12077 | D:12     | Killed a two-headed ogre
 12213 | D:12     | Found a staircase to the Orcish Mines.
 12378 | D:12     | Found a transporter.
 12792 | Lair:1   | Entered Level 1 of the Lair of Beasts
 12819 | Lair:1   | Reached ****** piety under Trog
 12885 | Lair:1   | Found a frozen archway.
 12893 | Lair:1   | Reached skill level 10 in Shields
 12933 | IceCv    | Entered an ice cave
 13117 | IceCv    | Identified the staff of air "Jeplirch" {rElec Str+3}
 13607 | IceCv    | Noticed a death yak
 13622 | IceCv    | Killed a death yak
 13623 | IceCv    | Reached XP level 13. HP: 106/119 MP: 12/12
 13742 | IceCv    | Identified the +3 bardiche "Papnun Gauts" {flame, *Noise
                  | rElec rPois} (Trog gifted it to you in an ice cave)
 13742 | IceCv    | Received a gift from Trog
 14025 | IceCv    | Identified the +11 glaive of Laceration {flame, Fragile
                  | Dex+6 SInv Stlth-}
 14272 | Lair:1   | Found the +4 skin of Zhor {*Englaciate rC+++ SInv}
 15242 | Lair:2   | Found a staircase to the Swamp.
 15578 | Lair:3   | Found a transporter.
 15613 | Lair:3   | Received a gift from Trog
 15691 | Lair:3   | Noticed Fiunamek's ghost (journeyman HOFi)
 15880 | Lair:3   | Reached XP level 14. HP: 117/132 MP: 13/13
 15882 | Lair:3   | Found a gate leading to a gauntlet.
 15900 | Gauntlet | Entered a Gauntlet
 15900 | Gauntlet | Found a transporter.
 15900 | Gauntlet | Found a transporter.
 15900 | Gauntlet | Found a transporter.
 15936 | Gauntlet | Found a transporter.
 15946 | Gauntlet | Found a transporter.
 15949 | Gauntlet | Found a transporter.
 15951 | Gauntlet | Found a large runed translucent door.
 15952 | Gauntlet | Found a large runed translucent door.
 15953 | Gauntlet | Found a large runed translucent door.
 15953 | Gauntlet | Found a large runed translucent door.
 15953 | Gauntlet | Found a runed translucent door.
 15954 | Gauntlet | Found a large runed translucent door.
 15955 | Gauntlet | Found a large runed translucent door.
 15956 | Gauntlet | Found a large runed translucent door.
 15956 | Gauntlet | Found a large runed translucent door.
 15957 | Gauntlet | Found a runed translucent gate.
 15957 | Gauntlet | Found a runed translucent gate.
 15959 | Gauntlet | Found a transporter.
 15967 | Gauntlet | Found a runed translucent gate.
 15967 | Gauntlet | Found a runed translucent door.
 15968 | Gauntlet | Found a large runed translucent door.
 15968 | Gauntlet | Found a large runed translucent door.
 15969 | Gauntlet | Found a large runed translucent door.
 15970 | Gauntlet | Found a large runed translucent door.
 15978 | Gauntlet | Found a transporter.
 15992 | Gauntlet | Found a transporter.
 15995 | Gauntlet | Found a transporter.
 16003 | Gauntlet | Found a transporter.
 16006 | Gauntlet | Found a transporter.
 16044 | Gauntlet | Found a large runed translucent door.
 16045 | Gauntlet | Found a large runed translucent door.
 16046 | Gauntlet | Found a large runed translucent door.
 16046 | Gauntlet | Found a large runed translucent door.
 16215 | Gauntlet | Identified the ring "Quel" {Ice *Corrode Str+8}
 16314 | Gauntlet | Identified the amulet of Vyuriarghagi {Reflect -Cast rF+
                  | Will+++ SH+5}
 16500 | Lair:3   | Found a transporter.
 16555 | Lair:3   | HP: 2/133 [Fiunamek's ghost (18)]
 16577 | Lair:3   | Killed Fiunamek's ghost
 16671 | Lair:3   | Identified the +0 pair of boots "Daac" {rElec rN+ Str-3
                  | Stlth+}
 16873 | Lair:3   | Found a hole to the Spider Nest.
 17021 | Lair:3   | Identified the ring "Iperiat" {Ice Will++ Str+6 SInv}
 17327 | Lair:4   | Received a gift from Trog
 17424 | Lair:4   | Reached skill level 15 in Polearms
 17625 | Lair:4   | Reached skill level 15 in Fighting
 17937 | Lair:4   | Reached skill level 15 in Armour
 18853 | Lair:5   | Entered Level 5 of the Lair of Beasts
 19209 | Lair:5   | Reached XP level 15. HP: 131/141 MP: 14/14
 19313 | Lair:5   | Found a staircase to the Slime Pits.
 19345 | Lair:5   | Received a gift from Trog
 20667 | Orc:1    | Entered Level 1 of the Orcish Mines
 20695 | Orc:1    | You fall into a shaft and drop 1 floor!
 20695 | Orc:2    | Entered Level 2 of the Orcish Mines
 20729 | Orc:2    | Found a staircase to the Elven Halls.
 20882 | Orc:1    | Noticed Snorg
 20893 | Orc:1    | Killed Snorg
 20910 | Orc:1    | Received a gift from Trog
 21473 | Orc:2    | Found Saog's Jewellery Shoppe.
 21550 | Orc:2    | Found Uwaamupo's Armour Shoppe.
 21622 | Orc:2    | Found Dattuigi's Weapon Shop.
 21678 | Orc:2    | Found Dubrem's Armour Shoppe.
 22063 | Elf:1    | Entered Level 1 of the Elven Halls
 22145 | Elf:1    | Received a gift from Trog
 22176 | Elf:1    | Reached skill level 10 in Dodging
 22579 | Elf:1    | Noticed a deep elf sorcerer
 22595 | Elf:1    | Killed a deep elf sorcerer
 22596 | Elf:1    | Reached XP level 16. HP: 123/152 MP: 15/15
 23016 | Elf:1    | Reached skill level 10 in Evocations
 23038 | Elf:1    | Received a gift from Trog
 23761 | Elf:2    | Found Faneoran's Book Boutique.
 24391 | Elf:2    | Received a gift from Trog
 24497 | Elf:3    | Entered Level 3 of the Elven Halls
 24994 | Elf:3    | Noticed a deep elf blademaster
 25008 | Elf:3    | Killed a deep elf blademaster
 25040 | Elf:3    | Identified the amulet of the Imbibing Sybil {Regen+ rCorr
                  | MP+9}
 25057 | Elf:3    | Reached XP level 17. HP: 75/162 MP: 16/16
 25073 | Elf:3    | HP: 3/162 [+1 heavy halberd (28)]
 25080 | Elf:3    | Noticed a deep elf master archer
 25098 | Elf:3    | Killed a deep elf master archer
 25114 | Elf:3    | Reached skill level 15 in Shields
 25116 | Elf:3    | Noticed a Brimstone Fiend
 25365 | Elf:3    | Noticed a deep elf master archer
 25423 | Elf:3    | Shot with an arrow by a deep elf master archer

Illustrated notes

Levels and vault maps discovered:
D:1:      dpeg_arrival_shelter, layout_basic, serial_rivers,
          chequers_serial_rivers_micro_a, chequers_serial_rivers_small_b,
          chequers_serial_rivers_micro_e, chequers_serial_rivers_micro_d,
          chequers_serial_rivers_room_a, chequers_serial_rivers_room_b,
          ebering_ecumenical_altar_rust, minmay_box_of_dots
D:2:      layout_rooms, serial_shops, shop, nicolae_figureground_pulse
D:3:      layout_loops_ring, kennysheep_generic_room_11
D:4:      layout_basic, vehumet_altar_wand_db, gup_sewer_entry_bubbles
D:5:      layout_rooms, serial_shops, nicolae_shop_advertising_works
          [nicolae_subvault_shop_adworks], uniq_grinder
D:6:      layout_layer_cave, lemuel_doored_altar, mainiacjoe_overflow_alcove_2,
          kennysheep_mini_moat, temple_pool_b
D:7:      layout_gridville, nicolae_ossuary_entry_false_entrances
D:8:      minmay_slanted_spiral_squares, layout_cave_pools, lemuel_tele_altar,
          kennysheep_flooded_box, uniq_pikel
D:9:      layout_roguey, okawaru_trees_2, old_standard_altar, serial_shops, shop
D:10:     layout_cave_pools, pdpol_temple_overflow_zin_treasury_gozag_greed,
          nicolae_qazlal_eye_of_the_storm, minmay_lair_entry_grove, uniq_erica
D:11:     layout_layer_cave, uniq_gastronok, uniq_maurice
D:12:     layout_basic, minmay_orc_entry_temple_small, serial_nicolae_subway,
          nicolae_sub_station_crystal, nicolae_sub_station_metal,
          nicolae_sub_station_stone, uniq_psyche
Lair:1:   layout_loops_ring, portal_ice_cave_rime, hellmonk_guarded_unrand_zhor
Lair:2:   layout_roguey, minmay_swamp_entry_worms, nicolae_lair_grazing_beasts
          [nicolae_sub_lair_graze_edge, nicolae_sub_lair_graze_edge,
          nicolae_sub_lair_graze_edge, nicolae_sub_lair_graze_edge]
Lair:3:   dragon1_lemuel, layout_gridlike, nicolae_spider_entry_tight_spaces,
          gauntlet_entry_generic, gammafunk_ghost_berserking_beasts,
          infiniplex_staircase_pool_2
Lair:4:   layout_small_grid, infiniplex_staircase_pool, grunt_megastairs_1
Lair:5:   gammafunk_lair_ancient_temple, layout_long_grid, slime_entry_1,
          serial_bayou_pond_a, lemuel_old_faithful, serial_bayou_shore_b,
          serial_bayou_shore_b
Orc:1:    layout_caves, nicolae_orc_crystal_geode, uniq_snorg
Orc:2:    hellmonk_orc_salted, layout_caves, mines1_david
Elf:1:    nicolae_elf_arrival_no_cutting_in_line, layout_loops_corners,
          hangedman_elf_disciples, grunt_megastairs_5
Elf:2:    nicolae_elf_blades_splatter_lattice
          [nicolae_blade_entry_area_security], layout_rooms, serial_shops, shop
Elf:3:    minmay_elf_hall_golems, layout_onion_city

Skill      XL: |  1  2  3  4  5  6  7  8  9 10 11 12 13 14 15 16 17 |
---------------+----------------------------------------------------+-----
Fighting       | 4 5 6 7 8 9 11 12 14 15 16 17 | 17.8
Polearms       | 4 5 6 7 8 9 11 12 14 15 16 17 | 17.9
Armour         | 3 4 5 6 7 9 10 12 14 15 16 17 | 17.7
Dodging        | 3 4 5 6 7 8 10 | 10.0
Evocations     | 1 2 3 4 6 8 9 11 | 11.3
Shields        | 3 4 6 8 10 12 13 14 15 | 15.1

Action                     |  1- 3 |  4- 6 |  7- 9 | 10-12 | 13-15 | 16-18 || total
---------------------------+-------+-------+-------+-------+-------+-------++-------
  Melee: Spear             |   102 |   270 |       |       |       |       ||   372
         Headbutt          |    11 |    22 |    56 |   125 |   341 |    68 ||   623
         Punch             |     1 |     1 |       |       |       |       ||     2
         Trident           |       |    29 |   262 |   646 |  1441 |   415 ||  2793
 Invoke: Berserk           |       |       |     1 |       |       |       ||     1
         Trog's Hand       |       |       |     1 |       |       |     1 ||     2
         Brothers in Arms  |       |       |       |       |     1 |    15 ||    16
  Evoke: Wand              |       |       |       |     1 |       |       ||     1
         Lightning rod     |       |       |       |       |       |     1 ||     1
    Use: Scroll            |       |       |    19 |       |     1 |     1 ||    21
         Potion            |       |       |       |     1 |     6 |     5 ||    12
   Stab: Sleeping          |     1 |       |       |       |       |       ||     1
         Distracted        |       |       |       |       |       |     3 ||     3
 Armour: Animal skin       |     6 |     2 |       |       |       |       ||     8
         Leather armour    |       |    68 |    77 |   116 |       |       ||   261
         Gold dragon scale |       |       |       |    96 |   570 |    55 ||   721
         Skin              |       |       |       |     4 |       |       ||     4
  Dodge: Dodged            |    36 |   106 |    97 |   229 |   283 |    37 ||   788
  Block: Buckler           |       |       |    28 |   186 |   520 |   100 ||   834
         Reflection        |       |       |       |       |     9 |    17 ||    26
